 Dungeon Crawl Stone Soup version 0.23.2-1-ga50397a6bc (webtiles) character file.

Game seed: 8704523175345133651

324 H0rd4k the Charlatan (level 6, -7/44 HPs)
             Began as a Human Artificer on May 27, 2019.
             Mangled by an ogre
             ... wielding a +0 giant club
              (25 damage)
             ... on level 4 of the Dungeon.
             The game lasted 00:08:10 (4987 turns).

H0rd4k the Charlatan (Human Artificer)              Turns: 4987, Time: 00:08:11

Health: -7/44      AC:  3    Str: 14    XL:     6   Next: 78%
Magic:  9/9        EV: 13    Int: 11    God:
Gold:   190        SH:  0    Dex: 14    Spells: 5/5 levels left

rFire    . . .     SeeInvis .   a - +0 short sword
rCold    . . .     Gourm    .   (no shield)
rNeg     . . .     Faith    .   b - +0 leather armour
rPois    .         Spirit   .   (no helmet)
rElec    .         Reflect  .   (no cloak)
rCorr    .         Harm     .   (no gloves)
MR       .....                  (no boots)
Stlth    ++........             (no amulet)
HPRegen  0.14/turn              (no ring)
MPRegen  0.11/turn              (no ring)

@: no status effects
A: no striking features
a: no special abilities


You were on level 4 of the Dungeon.
You were hungry.

You visited 1 branch of the dungeon, and saw 4 of its levels.

You collected 190 gold pieces.

Inventory:

Hand Weapons
 a - a +0 short sword (weapon)
 m - a +0 great sword
 s - a +0 hunting sling
 v - a +0 blowgun
Missiles
 t - 11 tomahawks (quivered)
 w - 21 poisoned needles
Armour
 b - a +0 leather armour (worn)
 x - the cursed +0 pair of gloves of the Eight Lovers {rPois rF- Regen+, unknown}
   (You found it on level 4 of the Dungeon)

   It makes you vulnerable to fire.
   It protects you from poison.
   It increases your rate of regeneration.
   It has a curse placed upon it.
Jewellery
 e - an uncursed ring of fire
 g - an uncursed amulet of the acrobat
 y - an uncursed ring of positive energy
 A - an uncursed ring of fire
Wands
 c - a wand of iceblast (1)
 d - a wand of enslavement (8)
Scrolls
 i - 2 scrolls of teleportation {unknown}
 j - 3 scrolls of amnesia {unknown}
 l - 3 scrolls of identify {unknown}
 o - a scroll of magic mapping {unknown}
 r - a scroll of random uselessness {unknown}
 z - a scroll of remove curse {unknown}
Potions
 h - 2 potions of curing
 k - a potion of mutation {unknown}
 n - 2 potions of degeneration {unknown}
 p - a potion of brilliance {unknown}
 q - 2 potions of cancellation {unknown}
 u - a potion of heal wounds {unknown}
 B - a potion of lignification {unknown}
Comestibles
 f - 8 rations


   Skills:
 + Level 2.3 Fighting
 + Level 3.2 Short Blades
 + Level 2.6 Armour
 + Level 2.9 Dodging
 + Level 2.0 Stealth
 + Level 4.1 Evocations


You had 5 spell levels left.
You didn't know any spells.
Your spell library was empty.

Dungeon Overview and Level Annotations

Branches:
Dungeon (4/15)
 Temple: D:4-7

Altars:
Ashenzari

Annotations:
D:2 exclusion: 2 downstairs
D:4 exclusion: upstairs


Message History

The adder skeleton misses you.
You hit the adder skeleton.
You destroy the adder skeleton!
B - a viscous coppery potion
j - 3 scrolls labeled LYHO LIUQIMUMI (gained 1)
An ogre comes into view. It is wielding a +0 giant club.
Found a stone staircase leading up.
You barely miss the ogre.
The ogre hits you with a +0 giant club!!
Ouch! That really hurt!
You hit the ogre.
The ogre is lightly wounded.
The ogre hits you with a +0 giant club.
You hit the ogre but do no damage.
The ogre is lightly wounded.
You hit the ogre.
The ogre is lightly wounded.
The ogre hits you with a +0 giant club!!
Ouch! That really hurt!
You die...

......)))...#
#.#
..#####.....#
###.### #.#
#.....#
#.....# ..#
#######
##.....# #.#
#......# #.#
#......# ...
#......# #.#.
#.######
#.#.. #@# #..
.. #....O.#
## .#.
#<######


You could see an ogre.

Vanquished Creatures
  A hound (D:4)
  A bullfrog skeleton (D:4)
  A centaur skeleton (D:4)
  An orc priest (D:3)
  An iguana (D:4)
  Ijyb (D:3)
  5 adders
  An ooze (D:2)
  2 adder skeletons (D:4)
  3 worms
  A dart slug (D:3)
  4 leopard geckos
  11 orcs
  3 giant cockroaches
  5 goblins
  3 hobgoblins
  5 jackals (D:4)
  3 quokkas
  A ball python skeleton (D:4)
  5 bats
  5 frilled lizards
  5 kobolds
  A quokka skeleton (D:4)
  11 rats
80 creatures vanquished.

Vanquished Creatures (collateral kills)
  2 orcs (D:4)
2 creatures vanquished.

Vanquished Creatures (others)
  An orc (D:4)
1 creature vanquished.

Grand Total: 83 creatures vanquished

Notes
Turn   | Place    | Note
-------+----------+-------------------------------------------
     0 | D:1      | H0rd4k the Human Artificer began the quest for the Orb.
     0 | D:1      | Reached XP level 1. HP: 15/15 MP: 3/3
   256 | D:1      | Reached XP level 2. HP: 21/21 MP: 4/4
   458 | D:2      | Reached XP level 3. HP: 15/26 MP: 5/5
  1090 | D:2      | Reached XP level 4. HP: 18/32 MP: 6/6
  1656 | D:3      | Reached skill level 1 in Armour
  2512 | D:3      | Noticed Ijyb
  2649 | D:3      | Found a shattered altar of Ashenzari.
  3095 | D:3      | Reached XP level 5. HP: 37/37 MP: 7/7
  3755 | D:3      | Killed Ijyb
  3755 | D:3      | Reached XP level 6. HP: 20/44 MP: 8/8
  3766 | D:3      | Reached skill level 4 in Evocations
  4403 | D:4      | Got a pair of dazzling gloves
  4668 | D:4      | Paralysed by an orc for 5 turns
  4983 | D:4      | Noticed an ogre
  4987 | D:4      | Mangled by an ogre

Skill      XL: |  1  2  3  4  5  6 |
---------------+-------------------+-----
Armour         | 1 2 |  2.6
Short Blades   | 2 3 |  3.2
Evocations     | 4 |  4.1
Fighting       | 2 |  2.3
Stealth        | 2 |  2.0
Dodging        | |  2.9

Action                   |  1- 3 |  4- 6 || total
-------------------------+-------+-------++-------
Melee: Short sword       |    79 |   297 ||   376
Evoke: Wand              |     3 |    37 ||    40
  Use: Potion            |       |     1 ||     1
       Scroll            |       |     1 ||     1
 Stab: Sleeping          |     3 |     3 ||     6
  Eat: Chunk             |       |     9 ||     9
       Ration            |       |     1 ||     1
Armor: Leather armour    |     9 |    44 ||    53
Dodge: Dodged            |    62 |   183 ||   245
